 Dungeon Crawl Stone Soup version 0.30.1-11-g7821555f0a (webtiles) character file.

Game seed: 18238172769803554317

44 Vulpanium the Chopper (level 3, 0/29 HPs)
             Began as a Human Monk on Nov 30, 2023.
             Slain by a hound (3 damage)
             ... on level 3 of the Dungeon.
             The game lasted 00:02:23 (1462 turns).

Vulpanium the Chopper (Human Monk)                  Turns: 1462, Time: 00:02:25

Health: 0/29       AC:  2    Str: 13    XL:     3   Next: 87%
Magic:  3/3        EV: 13    Int: 10    God:
Gold:   157        SH:  0    Dex: 15    Spells: 2/2 levels left

rFire   . . .        a - +0 hand axe
rCold   . . .        d - orb {light}
rNeg    . . .        b - +0 robe
rPois   .            (no helmet)
rElec   .            (no cloak)
rCorr   .            (no gloves)
SInv    .            (no boots)
Will    .....        (no amulet)
Stlth   +            (no ring)
HPRegen 0.24/turn    (no ring)
MPRegen 0.08/turn

%: no passive effects
@: glowing
A: no striking features
a: no special abilities


You were on level 3 of the Dungeon.
You visited 1 branch of the dungeon, and saw 4 of its levels.

You collected 157 gold pieces.

Inventory:

Hand Weapons
 a - a +0 hand axe (weapon)
Armour
 b - a +0 robe (worn)
 d - an orb of light (worn)
Scrolls
 f - a scroll of immolation {unknown}
 g - a scroll of noise {unknown}
 h - 3 scrolls of identify {unknown}
Potions
 c - 2 potions of ambrosia
 e - 3 potions of curing {unknown}


   Skills:
 + Level 3.3 Fighting
 + Level 3.5 Axes
 * Level 1.2 Armour
 + Level 3.4 Dodging


You had 2 spell levels left.
You didn't know any spells.
Your spell library was empty.

Dungeon Overview and Level Annotations

Branches:
Dungeon (4/15)
 Temple: D:4-7

Altars:


Message History

You hear the sound of rushing water.
There is an entrance to a sewer on this level.
Hurry and find it before the portal rusts away!
There is a stone staircase leading down here.
HP restored.
A kobold comes into view.
It is wielding a +0 whip and quivering poisoned darts.
The kobold shouts!
The kobold throws a poisoned dart.
The poisoned dart barely misses you.
A kobold is nearby!
The kobold throws a poisoned dart.
The poisoned dart closely misses you.
A hound comes into view.
The hound barks!
The kobold throws a poisoned dart.
The poisoned dart barely misses you.
You hit the kobold but do no damage. The kobold barely misses you.
You barely miss the kobold. The hound bites you.
The kobold completely misses you.
You barely miss the kobold. You hit the hound. The hound completely misses you.
The kobold misses you.
You barely miss the kobold. You hit the hound. The hound closely misses you.
The hound bites you but does no damage. The kobold misses you.
You completely miss the kobold. You hit the hound but do no damage.
The hound barely misses you. The kobold closely misses you.
The hound bites you.
You hit the kobold but do no damage. You closely miss the hound.
The hound bites you. The kobold hits you but does no damage.
The hound bites you.
You hit the kobold but do no damage. You hit the hound.
The kobold barely misses you. The hound misses you.
You hit the kobold.
The kobold is severely wounded.
You hit the hound. The hound bites you. The kobold closely misses you.
The hound pauses to sniff the ground.
The hound barely misses you.
You hit the kobold but do no damage.
The kobold is severely wounded.
You barely miss the hound. The hound bites you.
* * * LOW HITPOINT WARNING * * *
The kobold hits you with a +0 whip.
* * * LOW HITPOINT WARNING * * *
The hound bites you.
You die...

###########
#.........#
####...h.....#
#>....@K.....#
#.##.........#
#.##.........#
.....######...
##.#### ..
.... . ##.#
#.#


You could see a hound and a kobold.

Vanquished Creatures
  2 adders (D:2)
  3 ball pythons
  2 endoplasms
  2 giant cockroaches
  A goblin (D:1)
  2 hobgoblins (D:1)
  3 kobolds
  A quokka (D:1)
  5 bats
  2 frilled lizards
  2 rats (D:2)
25 creatures vanquished.

Notes
Turn   | Place    | Note
-------+----------+-------------------------------------------
     0 | D:1      | Vulpanium the Human Monk began the quest for the Orb.
     0 | D:1      | Reached XP level 1. HP: 18/18 MP: 1/1
   227 | D:1      | Reached XP level 2. HP: 24/24 MP: 2/2
  1045 | D:2      | Reached skill level 1 in Armour
  1045 | D:2      | Reached XP level 3. HP: 20/29 MP: 3/3
  1421 | D:2      | You fall into a shaft and drop 2 floors!
  1462 | D:3      | Slain by a hound

Illustrated notes

Levels and vault maps discovered:
D:1:      moated_graveyard_arrival, layout_basic
D:2:      layout_basic, kennysheep_potato
D:3:      minmay_door_path, layout_basic, lemuel_crystal_altar, zin_angel,
          gup_sewer_entry_pipe, chequers_serial_rivers_micro_c
D:4:      layout_rooms, ebering_ghost_rock_garden, serial_shops,
          nicolae_shop_just_a_little_nook, kennysheep_nondescript,
          kennysheep_small_spiral, guppyfry_shop_venom, uniq_menkaure

Skill      XL: |  1  2 |
---------------+-------+-----
Armour         | 1 |  1.2
Fighting       | |  3.3
Axes           | |  3.5
Dodging        | |  3.4

Action                     || total
---------------------------++-------
  Melee: Hand axe          ||    75
    Use: Scroll            ||     1
 Armour: Robe              ||    13
  Dodge: Dodged            ||    77
